 Dungeon Crawl Stone Soup version 0.28.0-47-ge53b351184 (webtiles) character file.

Game seed: 5748569202254999862

60 NinjaNoafa the Skirmisher (level 3, 0/33 HPs)
             Began as a Minotaur Monk on May 10, 2022.
             Slain by an adder (3 damage)
             ... on level 2 of the Dungeon.
             The game lasted 00:02:24 (1718 turns).

NinjaNoafa the Skirmisher (Minotaur Monk)           Turns: 1718, Time: 00:02:25

Health: 0/33       AC:  3    Str: 17    XL:     3   Next: 82%
Magic:  2/2        EV:  9    Int:  7    God:
Gold:   36         SH:  0    Dex: 12    Spells: 2/2 levels left

rFire   . . .      SeeInvis .   a - +0 hand axe
rCold   . . .      Faith    .   (no shield)
rNeg    . . .      Spirit   .   b - +0 robe
rPois   .          Reflect  .   (helmet restricted)
rElec   .          Harm     .   (no cloak)
rCorr   .          Rampage  .   f - +0 pair of gloves
Will    .....                   (no boots)
Stlth   ++........              (no amulet)
HPRegen 0.11/turn               (no ring)
MPRegen 0.08/turn               (no ring)

@: lethally poisoned (0 -> -27), flying, constricted
A: horns 2, retaliatory headbutt, hooves 1
a: no special abilities


You were on level 2 of the Dungeon.
You visited 1 branch of the dungeon, and saw 2 of its levels.

You collected 36 gold pieces.

Inventory:

Hand Weapons
 a - a +0 hand axe (weapon)
Armour
 b - a +0 robe (worn)
 f - a +0 pair of gloves (worn)
Scrolls
 c - a scroll of identify {unknown}


   Skills:
 + Level 4.2 Fighting
 + Level 4.2 Axes
 * Level 2.9 Armour
 - Level 3.2 Dodging
 - Level 1.5 Stealth


You had 2 spell levels left.
You didn't know any spells.
Your spell library contained the following spells:

 Spells                   Type           Power      Damage    Failure   Level
 Sublimation of Blood     Necr           0%         N/A       56%         2
 Passage of Golubria      Tloc           0%         N/A       99%         4
 Petrify                  Tmut/Erth      0%         N/A       99%         4
 Irradiate                Conj/Tmut      0%         3d13      100%        5
 Silence                  Hex/Air        0%         N/A       100%        5
 Lehudib's Crystal Spear  Conj/Erth      0%         10d2      100%        8


Dungeon Overview and Level Annotations

Branches:
Dungeon (2/15)

Altars:


Innate Abilities, Weirdness & Mutations

You have a pair of horns on your head.
You reflexively headbutt those who attack you in melee.
You have large cloven feet.


Message History

An adder comes into view.
A ball python comes into view.
The adder bites you.
You are poisoned.
The adder poisons you!
You feel sick.
The adder hisses angrily.
The adder closely misses you.
The ball python hisses angrily.
You hit the adder.
The adder is heavily wounded.
You hit the adder.
You feel sick. The adder barely misses you. x2
You hit the adder. Your headbutt misses the adder.
The adder is heavily wounded.
You barely miss the adder. You miss the adder.
You feel sick. The adder bites you.
You are more poisoned.
The adder poisons you! The adder bites you.
The adder bites you but does no damage. x2; The ball python bites you.
The ball python closely misses you. The adder bites you.
You are more poisoned.
The adder poisons you!
It was a potion of mutation.
You feel extremely strange.
Your feet thicken and deform.
You feel very sick. The adder closely misses you. The adder bites you.
You are lethally poisoned!
The adder poisons you! The adder bites you. The ball python barely misses you.
The ball python grabs you. The ball python constricts you. The adder bites you.
You are more poisoned.
The adder poisons you!
It was a potion of flight.
You feel very buoyant.
You fly up into the air.
* * * LOW HITPOINT WARNING * * *
You feel very sick. The adder bites you.
* * * LOW HITPOINT WARNING * * *
You are more poisoned.
The adder poisons you! The adder bites you.
You die...

###### ###
#######....###########..
.....#.................<
...........#########....
...........# #....
.......SS..# #....
.......@S..# ##...
......S....# ##..
............# #..
...(.?......... #..
...........#### #...
####...#...# #..#
##.....## ....# ##. .##
....# ###...


You could see 3 adders and a ball python.

Vanquished Creatures
  A gnoll (D:1)
  An adder (D:2)
  2 dart slugs
  4 ball pythons
  4 endoplasms
  3 goblins
  8 hobgoblins
  3 quokkas (D:1)
  2 bats (D:1)
  A frilled lizard (D:1)
  3 kobolds
  2 rats (D:1)
34 creatures vanquished.

Notes
Turn   | Place    | Note
-------+----------+-------------------------------------------
     0 | D:1      | NinjaNoafa the Minotaur Monk began the quest for the Orb.
     0 | D:1      | Reached XP level 1. HP: 19/19 MP: 0/0
   105 | D:1      | Reached skill level 1 in Armour
   229 | D:1      | Reached XP level 2. HP: 26/27 MP: 1/1
   639 | D:1      | Found a faded altar of an unknown god.
   657 | D:1      | Found Fooweysk's Antique Weapon Shoppe.
   661 | D:1      | Reached XP level 3. HP: 30/33 MP: 2/2
  1717 | D:2      | Gained mutation: You have large cloven feet. [potion of
                  | mutation]
  1718 | D:2      | Slain by an adder

Illustrated notes

Levels and vault maps discovered:
D:1:      denvon_arrival_waterhouse, layout_basic, basic_ecumenical_altar,
          serial_shops, shop, st_stairs_13
D:2:      kennysheep_six_static_rooms, layout_rooms, serial_bayou_pond_a

Skill      XL: |  1  2 |
---------------+-------+-----
Armour         | 1 2 |  2.9
Axes           | 4 |  4.2
Fighting       | 4 |  4.2
Dodging        | |  3.2
Stealth        | |  1.5

Action                   || total
-------------------------++-------
Melee: Hand axe          ||    70
       Headbutt          ||     6
       Punch             ||     2
  Use: Potion            ||     2
 Stab: Sleeping          ||     4
Armor: Robe              ||    13
Dodge: Dodged            ||    55
